| TOP OF THE 1ST |
|
Ohio State University Buckeyes batting - Pitching for Washington State University Cougars : RHP Manuel Santiago
|
|
Pitching: RHP Manuel Santiago
|
|
|
Batting: LHB Adam Simpson
|
0-0: Fly out, F4 (Popup, 4M, EV 75.0 MPH)
|
|
Batting: RHB Jacob Carrano
|
0-0: Ground out U3 (Groundball, 34, EV 91.2 MPH)
|
|
Batting: LHB Tony Abascal
|
0-0: Ball 1-0: Ball 2-0: Called Strike 2-1: Ball 3-1: Base on Balls
|
|
Batting: RHB Tristan Gimple
|
0-0: Called Strike 0-1: Foul Ball, location: 2F 0-2: Ball 1-2: Foul Ball, location: 2F 1-2: Foul Ball, location: 2F 1-2: Ball 2-2: Strikes out swinging
|
| Top of the 1st over - 0 runs, 0 hits, 0 errors, 1 left on base; Ohio State University 0 - Washington State University 0 |
| BOTTOM OF THE 1ST |
|
Washington State University Cougars batting - Pitching for Ohio State University Buckeyes : RHP Eric Long
|
|
Pitching: RHP Eric Long
|
|
|
Batting: LHB David Jackson
|
0-0: Fly out, F9 (Flyball, 9S, EV 93.1 MPH)
|
|
Batting: RHB Miguel Paredes
|
0-0: Ball 1-0: Ball 2-0: Swinging Strike 2-1: SINGLE (Line Drive, 6MD, EV 95.0 MPH)
|
|
Batting: LHB Scott Spillers
|
0-0: Called Strike Miguel Paredes steals 2nd base 0-1: Ball 1-1: Ball 2-1: Called Strike 2-2: Strikes out looking
|
|
Batting: SHB Juan Delanoval
|
0-0: Ball 1-0: Ground out 6-3 (Groundball, 6MS, EV 71.9 MPH)
|
| Bottom of the 1st over - 0 runs, 1 hit, 0 errors, 1 left on base; Ohio State University 0 - Washington State University 0 |
| TOP OF THE 2ND |
|
Ohio State University Buckeyes batting - Pitching for Washington State University Cougars : RHP Manuel Santiago
|
|
Batting: LHB Zach Brandt
|
0-0: Called Strike 0-1: Ball 1-1: DOUBLE (Flyball, 8LXD, EV 95.6 MPH)
|
|
Batting: RHB Masatoshi Mori
|
0-0: Ball 1-0: Called Strike 1-1: Ball 2-1: Called Strike 2-2: Foul Ball, location: 2F 2-2: Foul Ball, location: 2F 2-2: Foul Ball, location: 2F 2-2: Ball 3-2: Base on Balls
|
|
Batting: LHB Anthony Ross
|
0-0: Ball 1-0: Ball 2-0: Called Strike 2-1: Ball 3-1: Grounds into double play, 4-6-3 (Groundball, 4, EV 107.5 MPH) Zach Brandt to third
|
|
Batting: RHB David Guillen
|
0-0: Ball 1-0: Ball 2-0: Ball 3-0: Base on Balls
|
|
Batting: LHB Ben Callaway
|
0-0: Called Strike 0-1: Fielders Choice at 2nd, U6 (Groundball, 6M, EV 110.6 MPH)
|
| Top of the 2nd over - 0 runs, 1 hit, 0 errors, 2 left on base; Ohio State University 0 - Washington State University 0 |
| BOTTOM OF THE 2ND |
|
Washington State University Cougars batting - Pitching for Ohio State University Buckeyes : RHP Eric Long
|
|
Batting: LHB Israel Ariza
|
0-0: Foul Ball, location: 2F 0-1: Ball 1-1: Ball 2-1: Ball 3-1: Base on Balls
|
|
Batting: RHB Wil Gonzales
|
0-0: Ball 1-0: Foul Ball, location: 2F 1-1: Called Strike 1-2: Fly out, F8 (Line Drive, 8RD, EV 85.6 MPH)
|
|
Batting: RHB Ryan Toth
|
0-0: Ball 1-0: Foul Ball, location: 2F 1-1: Ball 2-1: Reached on error, E5 (Groundball, 5, EV 85.0 MPH) Israel Ariza to second
|
|
Batting: RHB Ron Essink
|
0-0: 3-RUN HOME RUN (Flyball, 7LD, EV 100.0 MPH), Distance : 370 ft
|
|
Batting: RHB Joe Weber
|
0-0: Fly out, F9 (Flyball, 89D, EV 91.2 MPH)
|
|
Batting: LHB David Jackson
|
0-0: Called Strike 0-1: Ball 1-1: Swinging Strike 1-2: Foul Ball, location: 2F 1-2: SINGLE (Groundball, 6S, EV 65.6 MPH) (infield hit)
|
|
Batting: RHB Miguel Paredes
|
0-0: Ball 1-0: Foul Ball, location: 2F 1-1: Swinging Strike 1-2: Strikes out looking
|
| Bottom of the 2nd over - 3 runs, 2 hits, 1 error, 1 left on base; Ohio State University 0 - Washington State University 3 |
| TOP OF THE 3RD |
|
Ohio State University Buckeyes batting - Pitching for Washington State University Cougars : RHP Manuel Santiago
|
|
Batting: LHB Adam Simpson
|
0-0: Ball 1-0: SINGLE (Flyball, 4D, EV 98.8 MPH)
|
|
Batting: RHB Jacob Carrano
|
0-0: SINGLE (Groundball, 34D, EV 104.4 MPH) Adam Simpson to second Runner from 2nd tries for 3rd, SAFE, throw by RF made to third
|
|
Batting: LHB Tony Abascal
|
0-0: Ball 1-0: Called Strike 1-1: Fly out, F7 (Line Drive, 78M, EV 85.6 MPH) Runner from 3rd tags up, SCORES, throw by LF
|
|
Batting: RHB Tristan Gimple
|
0-0: Ball 1-0: Grounds into double play, 5-4-3 (Groundball, 56, EV 83.1 MPH)
|
| Top of the 3rd over - 1 run, 2 hits, 0 errors, 0 left on base; Ohio State University 1 - Washington State University 3 |
| BOTTOM OF THE 3RD |
|
Washington State University Cougars batting - Pitching for Ohio State University Buckeyes : RHP Eric Long
|
|
Batting: LHB Scott Spillers
|
0-0: Ball 1-0: SOLO HOME RUN (Flyball, 89XD, EV 115.0 MPH), Distance : 446 ft
|
|
Batting: SHB Juan Delanoval
|
0-0: Called Strike 0-1: Ball 1-1: Ball 2-1: Ball 3-1: Base on Balls
|
|
Batting: LHB Israel Ariza
|
0-0: Ball 1-0: Swinging Strike 1-1: Called Strike Juan Delanoval steals 2nd base 1-2: Ball 2-2: Fly out, F8 (Flyball, 8LM, EV 85.6 MPH)
|
|
Batting: RHB Wil Gonzales
|
0-0: Called Strike 0-1: Swinging Strike 0-2: Ball 1-2: Strikes out looking
|
|
Batting: RHB Ryan Toth
|
0-0: Ball 1-0: Ball 2-0: Fly out, F7 (Flyball, 7LM, EV 88.8 MPH)
|
| Bottom of the 3rd over - 1 run, 1 hit, 0 errors, 1 left on base; Ohio State University 1 - Washington State University 4 |
| TOP OF THE 4TH |
|
Ohio State University Buckeyes batting - Pitching for Washington State University Cougars : RHP Manuel Santiago
|
|
Batting: LHB Zach Brandt
|
0-0: Called Strike 0-1: Ball 1-1: Ball 2-1: Ball 3-1: Called Strike 3-2: Foul Ball, location: 2F 3-2: Fly out, F8 (Flyball, 78M, EV 72.5 MPH)
|
|
Batting: RHB Masatoshi Mori
|
0-0: Called Strike 0-1: Ball 1-1: Ball 2-1: Called Strike 2-2: Ball 3-2: Ground out U3 (Groundball, 34, EV 80.6 MPH)
|
|
Batting: LHB Anthony Ross
|
0-0: Foul Ball, location: 2F 0-1: Foul Ball, location: 2F 0-2: Ball 1-2: Ball 2-2: Foul Ball, location: 2F 2-2: Fly out, F4 (Line Drive, 34D, EV 73.1 MPH)
|
| Top of the 4th over - 0 runs, 0 hits, 0 errors, 0 left on base; Ohio State University 1 - Washington State University 4 |
| BOTTOM OF THE 4TH |
|
Washington State University Cougars batting - Pitching for Ohio State University Buckeyes : RHP Eric Long
|
|
Batting: RHB Ron Essink
|
0-0: Called Strike 0-1: Ball 1-1: Ball 2-1: Ball 3-1: Reached on error, E5 (Groundball, 5, EV 77.5 MPH)
|
|
Batting: RHB Joe Weber
|
0-0: Called Strike 0-1: SINGLE (Flyball, 89S, EV 90.6 MPH) Ron Essink to second Runner from 2nd tries for 3rd, SAFE, throw by RF made to third
|
|
Batting: LHB David Jackson
|
0-0: Ball 1-0: Ball 2-0: Called Strike 2-1: Ball 3-1: Called Strike 3-2: Foul Ball, location: 2F 3-2: Fielders Choice at 2nd, 3-6 (Groundball, 13, EV 84.4 MPH) Ron Essink scores
|
|
Batting: RHB Miguel Paredes
|
0-0: Called Strike 0-1: Ball 1-1: Called Strike 1-2: Ball 2-2: Ball 3-2: Fielders Choice at 2nd, 5-4 (Groundball, 56, EV 85.6 MPH)
|
|
Batting: LHB Scott Spillers
|
0-0: Ball 1-0: Fly out, F7 (Flyball, 7, EV 88.1 MPH)
|
| Bottom of the 4th over - 1 run, 1 hit, 1 error, 1 left on base; Ohio State University 1 - Washington State University 5 |
| TOP OF THE 5TH |
|
Ohio State University Buckeyes batting - Pitching for Washington State University Cougars : RHP Manuel Santiago
|
|
Batting: RHB David Guillen
|
0-0: Ball 1-0: Called Strike 1-1: Foul Ball, location: 2F 1-2: Ball 2-2: SINGLE (Groundball, 56, EV 100.0 MPH) (infield hit)
|
|
Batting: LHB Ben Callaway
|
0-0: Swinging Strike 0-1: Called Strike 0-2: Strikes out swinging
|
|
Batting: LHB Adam Simpson
|
0-0: Called Strike David Guillen is caught stealing 2nd base 2-6 0-1: Foul Ball, location: 2F 0-2: Ball 1-2: Hit by Pitch
|
|
Batting: RHB Jacob Carrano
|
0-0: Ball 1-0: Ball 2-0: Ball 3-0: Base on Balls Adam Simpson to second
|
|
Pitching: RHP Jim Burbidge
|
|
|
Batting: LHB Tony Abascal
|
0-0: Ball 1-0: Called Strike 1-1: Foul Ball, location: 2F 1-2: Strikes out swinging
|
| Top of the 5th over - 0 runs, 1 hit, 0 errors, 2 left on base; Ohio State University 1 - Washington State University 5 |
| BOTTOM OF THE 5TH |
|
Washington State University Cougars batting - Pitching for Ohio State University Buckeyes : RHP Eric Long
|
|
Batting: SHB Juan Delanoval
|
0-0: Foul Ball, location: 2F 0-1: Ball 1-1: Ball 2-1: Foul Ball, location: 2F 2-2: SINGLE (Line Drive, 78S, EV 95.6 MPH)
|
|
Pitching: RHP Harry Jerome
|
|
|
Batting: LHB Israel Ariza
|
0-0: DOUBLE (Flyball, 78D, EV 103.1 MPH) Juan Delanoval to third
|
|
Batting: RHB Wil Gonzales
|
0-0: Called Strike 0-1: Ball 1-1: Swinging Strike 1-2: Strikes out swinging
|
|
Batting: RHB Ryan Toth
|
0-0: Called Strike 0-1: Ball 1-1: Ball 2-1: Called Strike 2-2: Ball 3-2: Ground out 4-3 (Groundball, 4, EV 83.1 MPH) Juan Delanoval scores Israel Ariza to third
|
|
Batting: RHB Ron Essink
|
0-0: Called Strike 0-1: Ball 1-1: Ball 2-1: Foul Ball, location: 2F 2-2: Foul Ball, location: 2F 2-2: Ball 3-2: Base on Balls
|
|
Batting: RHB Joe Weber
|
0-0: Ball 1-0: Fly out, F8 (Flyball, 78M, EV 85.0 MPH)
|
| Bottom of the 5th over - 1 run, 2 hits, 0 errors, 2 left on base; Ohio State University 1 - Washington State University 6 |
| TOP OF THE 6TH |
|
Ohio State University Buckeyes batting - Pitching for Washington State University Cougars : RHP Jim Burbidge
|
|
Batting: RHB Tristan Gimple
|
0-0: Ball 1-0: Fly out, F8 (Flyball, 8LD, EV 96.2 MPH)
|
|
Batting: LHB Zach Brandt
|
0-0: Ball 1-0: Ball 2-0: Ball 3-0: Base on Balls
|
|
Batting: RHB Masatoshi Mori
|
0-0: Called Strike 0-1: Ball 1-1: Ball 2-1: Called Strike 2-2: Foul Ball, location: 2F 2-2: Strikes out looking
|
|
Batting: LHB Anthony Ross
|
0-0: Ball 1-0: Ball 2-0: Ball 3-0: Called Strike 3-1: Called Strike 3-2: Foul Ball, location: 2F 3-2: Foul Ball, location: 2F 3-2: Foul Ball, location: 2F 3-2: Foul Ball, location: 2F 3-2: SINGLE (Groundball, 4MD, EV 96.9 MPH) Zach Brandt to second Zach Brandt to third
|
|
Batting: RHB David Guillen
|
0-0: Fielders Choice at 2nd, 6-4 (Groundball, 6, EV 89.4 MPH)
|
| Top of the 6th over - 0 runs, 1 hit, 0 errors, 2 left on base; Ohio State University 1 - Washington State University 6 |
| BOTTOM OF THE 6TH |
|
Washington State University Cougars batting - Pitching for Ohio State University Buckeyes : RHP Harry Jerome
|
|
Batting: LHB David Jackson
|
0-0: Foul Ball, location: 2F 0-1: Called Strike 0-2: Ball 1-2: Foul Ball, location: 2F 1-2: Strikes out swinging
|
|
Batting: RHB Miguel Paredes
|
0-0: SINGLE (Groundball, 34D, EV 96.9 MPH)
|
|
Pitching: RHP Leonidas Panagopoulos
|
|
|
Batting: LHB Scott Spillers
|
0-0: Ball Miguel Paredes steals 2nd base 1-0: Ball 2-0: Fly out, F8 (Flyball, 8LXD, EV 108.8 MPH) Runner from 2nd tags up, SAFE at 3rd, no throw by CF
|
|
Batting: SHB Juan Delanoval
|
0-0: Called Strike 0-1: Ball 1-1: Ground out 5-3 (Groundball, 56S, EV 83.1 MPH)
|
| Bottom of the 6th over - 0 runs, 1 hit, 0 errors, 1 left on base; Ohio State University 1 - Washington State University 6 |
| TOP OF THE 7TH |
|
Ohio State University Buckeyes batting - Pitching for Washington State University Cougars : RHP Jim Burbidge
|
|
Batting: LHB Ben Callaway
|
0-0: Ball 1-0: Called Strike 1-1: Ball 2-1: Swinging Strike 2-2: Ball 3-2: Strikes out swinging
|
|
Pitching: RHP Jose Flores
|
|
|
Batting: LHB Adam Simpson
|
0-0: Ball 1-0: Ball 2-0: Ball 3-0: Called Strike 3-1: Base on Balls
|
|
Batting: RHB Jacob Carrano
|
0-0: Called Strike 0-1: Fly out, F7 (Line Drive, 7S, EV 95.0 MPH)
|
|
Batting: LHB Tony Abascal
|
0-0: Ball 1-0: Ball Adam Simpson steals 2nd, throwing error, E2 Adam Simpson to third 2-0: Called Strike 2-1: DOUBLE (Line Drive, 8LXD, EV 105.0 MPH) Adam Simpson scores
|
|
Batting: RHB Tristan Gimple
|
0-0: Ball 1-0: Called Strike 1-1: Foul Ball, location: 2F 1-2: Ball 2-2: Foul Ball, location: 2F 2-2: SINGLE (Line Drive, 8LS, EV 103.1 MPH) Tony Abascal to third Runner from 3rd tries for Home, throw by CF and OUT! 8-2
|
| Top of the 7th over - 1 run, 2 hits, 1 error, 1 left on base; Ohio State University 2 - Washington State University 6 |
| BOTTOM OF THE 7TH |
|
Washington State University Cougars batting - Pitching for Ohio State University Buckeyes : RHP Leonidas Panagopoulos
|
|
Pitching: RHP Andy Hollis
|
|
|
Batting: LHB Israel Ariza
|
0-0: Ball 1-0: Ball 2-0: Ball 3-0: Fly out, F7 (Flyball, 7, EV 91.2 MPH)
|
|
Batting: RHB Wil Gonzales
|
0-0: Ball 1-0: Called Strike 1-1: Ball 2-1: Foul Ball, location: 2F 2-2: Fly out, F8 (Flyball, 78D, EV 87.5 MPH)
|
|
Batting: RHB Ryan Toth
|
0-0: Called Strike 0-1: SINGLE (Groundball, 34, EV 98.1 MPH)
|
|
Batting: RHB Ron Essink
|
0-0: Ball 1-0: Ball 2-0: Called Strike 2-1: Swinging Strike 2-2: Foul Ball, location: 2F 2-2: Strikes out swinging
|
| Bottom of the 7th over - 0 runs, 1 hit, 0 errors, 1 left on base; Ohio State University 2 - Washington State University 6 |
| TOP OF THE 8TH |
|
Ohio State University Buckeyes batting - Pitching for Washington State University Cougars : RHP Jose Flores
|
|
Pitching: RHP Teddy Barber
|
|
|
Batting: LHB Zach Brandt
|
0-0: Ball 1-0: Fly out, F8 (Line Drive, 8LM, EV 85.6 MPH)
|
|
Batting: RHB Masatoshi Mori
|
0-0: Called Strike 0-1: Ball 1-1: Ball 2-1: SINGLE (Line Drive, 89S, EV 95.0 MPH)
|
|
Batting: LHB Anthony Ross
|
0-0: Ball 1-0: Called Strike 1-1: Swinging Strike 1-2: Foul Ball, location: 2F 1-2: Ball 2-2: Ball 3-2: Base on Balls Masatoshi Mori to second
|
|
Batting: RHB David Guillen
|
0-0: Fly out, F9 (Flyball, 89S, EV 88.1 MPH)
|
|
Batting: LHB Ben Callaway
|
0-0: SINGLE (Groundball, 4MD, EV 110.0 MPH) Masatoshi Mori to third Anthony Ross to second Runner from 3rd tries for Home, SAFE, throw by CF to home Anthony Ross to third Ben Callaway to second
|
|
Batting: LHB Adam Simpson
|
0-0: Called Strike 0-1: Foul Ball, location: 2F 0-2: Fly out, F6 (Popup, 6M, EV 76.9 MPH)
|
| Top of the 8th over - 1 run, 2 hits, 0 errors, 2 left on base; Ohio State University 3 - Washington State University 6 |
| BOTTOM OF THE 8TH |
|
Washington State University Cougars batting - Pitching for Ohio State University Buckeyes : RHP Andy Hollis
|
|
Batting: RHB Joe Weber
|
0-0: Fly out, F8 (Flyball, 89M, EV 86.9 MPH)
|
|
Batting: LHB David Jackson
|
0-0: Called Strike 0-1: SINGLE (Flyball, 78S, EV 98.1 MPH)
|
|
Batting: RHB Miguel Paredes
|
0-0: Foul Ball, location: 2F 0-1: Ball Wild Pitch! David Jackson to second 1-1: Ball 2-1: Ball 3-1: Fly out, F8 (Flyball, 8RD, EV 106.2 MPH)
|
|
Batting: LHB Scott Spillers
|
0-0: Foul Ball, location: 2F 0-1: Ball 1-1: Ball 2-1: Foul Ball, location: 2F 2-2: Ball 3-2: Strikes out swinging
|
| Bottom of the 8th over - 0 runs, 1 hit, 0 errors, 1 left on base; Ohio State University 3 - Washington State University 6 |
| TOP OF THE 9TH |
|
Ohio State University Buckeyes batting - Pitching for Washington State University Cougars : RHP Teddy Barber
|
|
Pitching: RHP Arthur Scholten
|
|
|
Batting: RHB Jacob Carrano
|
0-0: Ball 1-0: Called Strike 1-1: Ball 2-1: Ball 3-1: Called Strike 3-2: Fly out, F8 (Flyball, 8RD, EV 98.1 MPH)
|
|
Batting: LHB Tony Abascal
|
0-0: Foul Ball, location: 2F 0-1: Fly out, F7 (Flyball, 7LSF, EV 98.1 MPH)
|
|
Batting: RHB Tristan Gimple
|
0-0: Called Strike 0-1: Ball 1-1: Swinging Strike 1-2: Ball 2-2: Ball 3-2: Strikes out swinging
|
| Top of the 9th over - 0 runs, 0 hits, 0 errors, 0 left on base; Ohio State University 3 - Washington State University 6 |
|